 Dungeon Crawl Stone Soup version 0.28-a0-1594-ga885d4b3d6 (webtiles) character file.

Game seed: 16015821599274693855

246462 freelancePsychic the Warrior (level 19, -4/240 (244) HPs)
             Began as a Merfolk Ice Elementalist on Jan 20, 2022.
             Was the Champion of Okawaru.
             Slain by an Executioner (5 damage)
             ... summoned by Mlioglotl
             ... on level 4 of the Spider Nest on Jan 21, 2022.
             The game lasted 02:00:08 (46723 turns).

freelancePsychic the Warrior (MfIE)                Turns: 46723, Time: 02:00:08

HP:   -4/240 (244)  AC: 16    Str: 19    XL:     19   Next: 96%
MP:   32/36         EV: 16    Int: 16    God:    Okawaru [******]
Gold: 2055          SH:  5    Dex: 16    Spells: 2/29 levels left

rFire   + + +      SeeInvis .     - Unarmed
rCold   + . .      Faith    .   (shield currently unavailable)
rNeg    . . .      Spirit   .   (armour currently unavailable)
rPois   +          Reflect  +   (helmet currently unavailable)
rElec   +          Harm     .   (cloak currently unavailable)
rCorr   +          Rampage  .   (gloves currently unavailable)
Will    ++++.                   (boots currently unavailable)
Stlth   ++........              y - amulet of Hemesih {Reflect rC++ Will++ Int-4 SH+5}
HPRegen 0.50/turn               F - ring "Moapimis" {rF+ Will+ rCorr}
MPRegen 0.25/turn               s - ring of the King {rElec rPois rCorr MP+9 Slay+4}

@: dragon-form, spiked, flying, studying Ice Magic, lightly drained
A: dragon claw, dragon scales, breathe fire, flying, boosted hp, giant, (nimble
swimmer 2), (mertail)
}: 1/15 runes: barnacled
a: Breathe Fire, End Transformation, Renounce Religion, Heroism, Finesse, Duel


You were on level 4 of the Spider Nest.
You worshipped Okawaru.
Okawaru was exalted by your worship.
You were a fearsome dragon!
You visited 6 branches of the dungeon, and saw 33 of its levels.
You also visited: Sewer, Ossuary, Gauntlet and Ice Cave.

You collected 4666 gold pieces.
You spent 2611 gold pieces at shops.

Inventory:

Missiles
 g - 13 curare-tipped darts
 H - 9 throwing nets
Armour
 C - the +2 pair of boots "Diutut" (melded) {+Blink rPois rN+}
   (You acquired it on level 6 of the Dungeon)

   rPois:     It protects you from poison.
   rN:        It protects you from negative energy.
   +Blink:    It lets you blink.
 L - the +1 robe "Orav" (melded) {*Corrode Int+8}
   (You found it on level 10 of the Dungeon)

   Int:       It affects your intelligence (+8).
   *Corrode:  It may corrode you when you take damage.
 N - the +0 hat of Zepra {*Corrode +Inv Str+4}
   (Okawaru gifted it to you on level 6 of the Lair of Beasts)

   Str:       It affects your strength (+4).
   +Inv:      It lets you turn invisible.
   *Corrode:  It may corrode you when you take damage.
 S - a +0 buckler (melded)
 W - the +0 helmet "Ahueb" (melded) {Int+7}
   (You found it in a Gauntlet)

   Int:       It affects your intelligence (+7).
 X - a scarf of invisibility (melded)
 Y - a +0 pair of gloves of infusion (melded)
Jewellery
 d - an amulet of regeneration
 s - the ring of the King (right foreclaw) {rElec rPois rCorr MP+9 Slay+4}
   (You bought it in a shop on level 4 of the Shoals)

   [ring of slaying]

   Slay:      It affects your accuracy & damage with ranged weapons and melee
   (+4).
   rElec:     It insulates you from electricity.
   rPois:     It protects you from poison.
   MP:        It affects your magic capacity (+9).
   rCorr:     It protects you from acid and corrosion.
 y - the amulet of Hemesih (around neck) {Reflect rC++ Will++ Int-4 SH+5}
   (You acquired it on level 13 of the Dungeon)

   [amulet of reflection]

   It reflects blocked missile attacks.
   Int:       It affects your intelligence (-4).
   rC:        It greatly protects you from cold.
   SH:        It affects your SH (+5).
   Will:      It greatly increases your willpower.
 D - a +4 ring of evasion
 F - the ring "Moapimis" (left foreclaw) {rF+ Will+ rCorr}
   (You bought it in a shop on level 4 of the Shoals)

   [ring of protection from fire]

   rF:        It protects you from fire.
   rCorr:     It protects you from acid and corrosion.
   Will:      It increases your willpower.
 G - a ring of protection from fire
 P - a +6 ring of dexterity
 V - a ring of fire
Wands
 h - a wand of polymorph (4)
 i - a wand of mindburst (4)
 E - a wand of flame (26) (quivered)
 O - a wand of paralysis (7)
 R - a wand of digging (2)
 Z - a wand of acid (6)
Scrolls
 a - 18 scrolls of identify {@r1}
 b - 8 scrolls of amnesia
 c - 4 scrolls of noise
 f - 15 scrolls of teleportation {@r4}
 q - 7 scrolls of enchant weapon
 r - 3 scrolls of vulnerability
 t - 6 scrolls of enchant armour
 A - 4 scrolls of magic mapping
 I - 7 scrolls of blinking
 J - 2 scrolls of brand weapon
 M - a scroll of silence
 Q - 6 scrolls of holy word
Potions
 e - 6 potions of mutation
 j - 6 potions of lignification
 k - 2 potions of haste {@q3}
 l - 13 potions of degeneration
 m - 9 potions of curing {@q1}
 n - 2 potions of brilliance
 o - 3 potions of ambrosia
 p - 9 potions of might
 u - 5 potions of berserk rage
 v - 4 potions of cancellation
 w - 8 potions of heal wounds {@q2}
 x - 2 potions of resistance
 z - 8 potions of attraction
 B - 5 potions of invisibility
Miscellaneous
 T - a phial of floods
 U - a tin of tremorstones (2/2)


   Skills:
 + Level 17.9 Fighting
 - Level 17.7 Dodging
 - Level 2.1 Stealth
 - Level 4.3 Shields
 - Level 15.1 Unarmed Combat
 - Level 5.7 Spellcasting
 + Level 9.0 Translocations
 - Level 16.6 Transmutations
 - Level 6.4 Ice Magic
 - Level 8.0 Earth Magic
 - Level 2.9 Poison Magic
 - Level 7.6 Invocations
 - Level 16.6 Evocations


You had 2 spell levels left.
You knew the following spells:

 Your Spells              Type           Power      Damage    Failure   Level
a - Dragon Form           Tmut           27%        N/A       13%         7
b - Frozen Ramparts       Ice            50%        1d7       3%          3
c - Ozocubu's Armour      Ice            25%        N/A       3%          3
d - Statue Form           Tmut/Erth      28%        N/A       14%         6
e - Lesser Beckoning      Tloc           33%        N/A       1%          3
f - Manifold Assault      Tloc           33%        N/A       10%         5

Your spell library contained the following spells:

 Spells                   Type           Power      Damage    Failure   Level
 Beastly Appendage        Tmut           100%       N/A       0%          1
 Apportation              Tloc           66%        N/A       1%          1
 Freeze                   Ice            100%       1d11      1%          1
 Blink                    Tloc           66%        N/A       1%          2
 Wereblood                Tmut           55%        N/A       1%          2
 Pain                     Necr           16%        1d4       14%         1
 Shock                    Conj/Air       16%        1d4       14%         1
 Corpse Rot               Necr/Air       8%         N/A       22%         2
 Spider Form              Tmut/Pois      35%        N/A       1%          3
 Petrify                  Tmut/Erth      43%        N/A       1%          4
 Blade Hands              Tmut           27%        N/A       1%          5
 Passage of Golubria      Tloc           33%        N/A       3%          4
 Portal Projectile        Hex/Tloc       38%        N/A       7%          3
 Alistair's Intoxication  Tmut/Pois      23%        N/A       7%          5
 Irradiate                Conj/Tmut      15%        3d18      13%         5
 Hailstorm                Conj/Ice       14%        3d5       36%         4
 Dazzling Flash           Conj/Hex       8%         N/A       38%         3
 Swiftness                Air            4%         N/A       38%         3
 Metabolic Englaciation   Hex/Ice        7%         N/A       71%         5
 Airstrike                Air            2%         N/A       80%         4
 Anguish                  Hex/Necr       2%         N/A       80%         4
 Dispel Undead            Necr           4%         3d7       80%         4
 Agony                    Necr           4%         N/A       98%         5
 Excruciating Wounds      Necr           2%         N/A       98%         5
 Fireball                 Conj/Fire      2%         3d4       98%         5
 Iskenderun's Battlesphe  Conj           4%         2d6       98%         5
 Silence                  Hex/Air        2%         N/A       98%         5
 Iron Shot                Conj/Erth      8%         9d3       99%         6
 Starburst                Conj/Fire      2%         6d3       100%        6
 Enfeeble                 Hex            2%         N/A       100%        7
 Ignition                 Fire           2%         3d3       100%        8
 Lehudib's Crystal Spear  Conj/Erth      8%         10d4      100%        8
 Chain Lightning          Conj/Air       2%         3d2       100%        9
 Tukima's Dance           Hex            Unusable   N/A       N/A         3
 Death Channel            Necr           Unusable   N/A       N/A         6

Dungeon Overview and Level Annotations

Branches:
Dungeon (15/15)            Temple (0/1) D:7            Lair (6/6) D:8
 Shoals (4/4) Lair:4       Spider (4/4) Lair:4        Slime (0/5) Lair:6
    Orc (2/2) D:9             Elf (2/3) Orc:2        Vaults (0/5) D:13
 Depths (0/4) D:15          Sewer (visited)         Ossuary (visited)
  IceCv (visited)         Gauntlet (visited)

Altars:
Cheibriados
Dithmenos
Fedhas
Hepliaklqana
Kikubaaqudgha
Makhleb
Okawaru
Qazlal
Trog
Uskayaw
Vehumet
Xom
The Shining One
Beogh

Shops:
D:3 (   D:7 ?   D:11 *   Orc:1 [   Orc:2 :**(   Shoals:2 *   Shoals:4 =![*[

Annotations:
D:4 Edmund
Lair:1 1 runed translucent door, avis's ghost, journeyman DDNe
Lair:4 1 runed translucent door, Ithra's ghost, journeyman OgTm
Lair:5 Rupert
Shoals:1 Roxanne
Spider:4 Mlioglotl
Orc:1 3 runed translucent doors, Piss's ghost, journeyman DrEE
Elf:2 3 runed translucent doors


Innate Abilities, Weirdness & Mutations

You are a fearsome dragon!
You have a powerful clawing attack.
Your giant scaled body is strong and resiliant, but less evasive.
You can breathe fire.
You are flying.
Your maximum health is greatly increased.
Your armour is entirely melded.
You are incapable of wielding weapons or throwing items.
((You are very nimble when in or above water. (Stealth+, EV+, Speed+++)))
((Your lower body shifts to a powerful aquatic tail in water.))


Message History

The Executioner gestures.
The Executioner seems to speed up.
Mlioglotl churns violently!
Mlioglotl corrupts the dungeon around him!
You block the steelbarb worm's attack.
The starspawn tentacle moves out of view.
A starspawn tentacle comes into view.
Aiming: Duel (32% risk of failure)
Press: ? - help, Dir - move target, f/p - Mlioglotl
Aim: Mlioglotl (strong)
You fail to use your ability.
The Executioner closely misses you. The Executioner barely misses you.
The Executioner closely misses you. x2
The Executioner hits you.
* * * LOW HITPOINT WARNING * * *
The Executioner hits you but does no damage.
The tentacled starspawn bites you!!
* * * LOW HITPOINT WARNING * * *
The tentacled starspawn closely misses you.
Mlioglotl churns violently!
Mlioglotl corrupts the dungeon around him!
You block the Executioner's attack. The Executioner misses you.
The Executioner hits you but does no damage.
The steelbarb worm closely misses you.
Aiming: Duel (32% risk of failure)
Press: ? - help, Dir - move target, f/p - Mlioglotl
Aim: Mlioglotl (strong)
You fail to use your ability.
The Executioner hits you.
* * * LOW HITPOINT WARNING * * *
The Executioner closely misses you. The Executioner hits you.
* * * LOW HITPOINT WARNING * * *
You block the Executioner's attack.
The Executioner hits you but does no damage. x2
Mlioglotl completely misses you. Mlioglotl tramples you!!
* * * LOW HITPOINT WARNING * * *
You hold your ground!
The tentacled starspawn barely misses you.
The tentacled starspawn tentacle-slaps you but does no damage.
The steelbarb worm hits you but does no damage.
The Executioner misses you. The Executioner hits you.
You die...

.. #.. . .. .
##. #...# ..
.....#.#.#
.##
#.#.#..^##..#
#....###..#
...^.#^.#...#
.#...###Λ...#
#.─X1w##..#
#....##DX.#
.# #.##
##w#......
.X^^#.##.
.^#....# #
### ..#.#
^^..# ##.##
##


You could see Mlioglotl (strong), a tentacled starspawn (summoned), a steelbarb
worm, an Executioner (summoned, fast), a thrashing horror (summoned) and a
starspawn tentacle.

Vanquished Creatures
  Nikola (Shoals:2)
  Asterion (Arena)
  Gastronok (Lair:3)
  Agnes (Spider:1)
  A kraken (Shoals:1)
  Kirke (Shoals:3)
  Donald (Spider:1)
  Ilsuiw (Shoals:2)
  2 frost giants (IceCv)
  2 deep elf sorcerers (Elf:1)
  3 emperor scorpions
  Aizul (Elf:1)
  The ghost of flotson the Fighter, a journeyman DsGl of Gozag (Elf:1)
  2 ghost moths
  A deep elf elementalist (Elf:1)
  A broodmother (Spider:1)
  Nessos (D:15)
  A minotaur (Gauntlet)
  2 entropy weavers (Spider:1)
  A white draconian (IceCv)
  A deep elf death mage (Elf:2)
  2 spark wasps
  Snorg (D:13)
  6 merfolk javelineers
  An ettin (Orc:2)
  5 merfolk impalers
  An ice dragon (IceCv)
  3 ogre magi
  11 boulder beetles
  10 hydras
  4 merfolk avatars
  4 ironbound frosthearts (IceCv)
  2 alligators (Shoals:1)
  A rakshasa (D:14)
  4 catoblepae
  5 alligator snapping turtles
  13 two-headed ogres
  Erica (Orc:1)
  A death knight (D:12)
  3 jorogumos
  11 centaur warriors
  A hell hog (Gauntlet)
  3 tengu warriors
  14 death yaks
  5 satyrs
  13 dancing weapons
  4 deep elf knights
  Nergalle (D:10)
  A fire crab (shapeshifter) (D:14)
  A sun moth (Spider:3)
  8 pharaoh ants
  A death drake (D:12)
  4 skeletal warriors (D:11)
  2 steelbarb worms (Spider:3)
  7 sea snakes
  2 deep trolls (Orc:2)
  4 orb spiders
  An orange crystal statue (IceCv)
  9 deep elf archers
  A spriggan simulacrum (Spider:2)
  13 harpies
  Pikel (D:9)
  A necromancer (D:15)
  An orc knight (D:13)
  17 deep elf pyromancers
  20 ugly things
  19 wolf spiders
  2 oklob plants (Spider:1)
  15 deep elf zephyrmancers
  5 orc sorcerers
  20 fauns
  9 cyclopes
  15 manticores
  4 moths of wrath
  14 elephants
  9 merfolk sirens
  Joseph (D:8)
  2 naga magi (D:15)
  A water nymph (Shoals:2)
  4 black mambas
  3 torpor snails
  A centaur skeleton (D:15)
  A gargoyle (D:8)
  13 cane toads
  12 demonic crawlers
  2 kobold demonologists (D:13)
  20 rime drakes
  Maggie (D:8)
  8 komodo dragons
  A yaktaur (Shoals:2)
  An entropy weaver simulacrum (Spider:2)
  15 trolls
  16 meliai
  A meliai (shapeshifter) (D:13)
  20 merfolk
  3 wind drakes
  A wolf spider simulacrum (D:15)
  26 tarantellas
  18 polar bears
  A hornet (D:9)
  8 slime creatures
  25 blink frogs
  27 dream sheep
  A raiju (Gauntlet)
  7 snapping turtles
  A centaur simulacrum (D:15)
  An air elemental (Elf:1)
  29 jumping spiders
  A meliai zombie (D:10)
  3 wraiths
  21 culicivoras
  2 dire elephant simulacra (Spider:2)
  A vampire (D:13)
  2 fire elementals
  9 water elementals
  40 yaks
  3 wyverns
  5 hogs (Shoals:3)
  3 fire bats (Gauntlet)
  2 humans (Shoals:3)
  3 basilisks
  60 redbacks
  5 steam dragons
  Grum (D:8)
  6 wargs
  A minotaur simulacrum (Spider:2)
  Menkaure (Ossuary)
  7 vampire mosquitoes
  18 water moccasins
  An acid dragon (shapeshifter) (Elf:1)
  A hell hound (Gauntlet)
  4 acid dragons
  Duvessa (D:6)
  A swamp drake (D:9)
  2 sky beasts
  An ice beast (D:5)
  A hornet zombie (D:15)
  An ice beast (shapeshifter) (D:14)
  15 orc warriors
  4 necrophages
  A black bear (Lair:4)
  25 ogres
  An alligator simulacrum (Spider:2)
  19 wolves
  12 centaurs
  A lemure (D:9)
  An elf zombie (Ossuary)
  8 kobold brigands
  8 bullfrogs
  A deep troll simulacrum (Spider:2)
  3 earth elementals (Elf:1)
  2 scorpions (D:6)
  Dowan (D:6)
  2 water moccasin skeletons
  A lindwurm simulacrum (Spider:2)
  3 killer bees (D:10)
  3 howler monkeys
  7 electric eels
  3 bullfrog zombies
  7 centaur zombies
  A bullfrog skeleton (D:4)
  3 hounds
  3 jellies
  17 orc priests
  Natasha (D:3)
  A gnoll shaman (D:6)
  13 orc wizards
  5 iguanas
  A lightning spire (Gauntlet)
  3 ogre zombies (Ossuary)
  A hound skeleton (D:4)
  6 mummies (Ossuary)
  2 howler monkey zombies
  15 gnolls
  7 adders
  A river rat (Sewer)
  A shadow imp (D:6)
  2 white imps
  6 adder zombies (Ossuary)
  5 worms
  3 dart slugs
  52 orcs
  7 bats
  5 endoplasms
  5 giant cockroaches
  4 goblins
  7 hobgoblins
  21 kobolds
  3 quokkas
  7 ball pythons
  4 frilled lizards
  A gnoll zombie (Ossuary)
  5 goblin zombies (Ossuary)
  4 hobgoblin zombies (Ossuary)
  3 kobold zombies (Ossuary)
  3 quokka zombies (Ossuary)
  6 rats
  2 rat zombies (Ossuary)
  3 tentacles (Shoals:1)
1208 creatures vanquished.

Vanquished Creatures (others)
  A two-headed ogre (Orc:2)
  A deep elf knight (Elf:2)
  2 deep elf archers
  A deep elf zephyrmancer (Elf:1)
  A wizard (D:9)
  A merfolk (Shoals:2)
  A wind drake (Shoals:2)
  A water elemental (Elf:1)
  2 ogres (Orc:2)
  A gnoll (D:5)
  An orc (D:13)
  43 fungi
  181 plants
  A starspawn tentacle (Spider:4)
  6 tentacles (Shoals:1)
244 creatures vanquished.

Grand Total: 1452 creatures vanquished

Notes
Turn   | Place    | Note
-------+----------+-------------------------------------------
     0 | D:1      | freelancePsychic the Merfolk Ice Elementalist began the
                  | quest for the Orb.
     0 | D:1      | Reached XP level 1. HP: 13/13 MP: 3/3
   456 | D:1      | Reached XP level 2. HP: 9/19 MP: 0/5
  1369 | D:2      | Got the Papyrus of Attacks
  1908 | D:2      | Reached XP level 3. HP: 20/24 MP: 4/6
  1912 | D:2      | Learned a level 3 spell: Frozen Ramparts
  1916 | D:2      | Learned a level 3 spell: Ozocubu's Armour
  2246 | D:3      | Reached skill level 5 in Ice Magic
  2488 | D:3      | Found a faded altar of an unknown god.
  2590 | D:3      | Found Gorizuff's Weapon Shop.
  3368 | D:4      | Noticed Edmund
  3388 | D:4      | Found a glowing golden altar of the Shining One.
  3422 | D:4      | Reached XP level 4. HP: 27/30 MP: 4/8
  3473 | D:4      | Noticed Natasha
  3598 | D:3      | Killed Natasha
  3599 | D:3      | Reached skill level 1 in Fighting
  3755 | D:4      | Reached skill level 1 in Transmutations
  3755 | D:4      | Reached XP level 5. HP: 34/38 MP: 7/9
  3806 | D:4      | Noticed a necrophage
  3852 | D:4      | Noticed a necrophage
  3971 | D:4      | Reached skill level 1 in Unarmed Combat
  3971 | D:4      | Reached skill level 1 in Poison Magic
  3975 | D:4      | Learned a level 3 spell: Spider Form
  4220 | D:4      | Found an iron altar of Okawaru.
  4235 | D:4      | Reached XP level 6. HP: 45/46 MP: 3/10
  4250 | D:4      | Became a worshipper of Warmaster Okawaru
  4663 | D:4      | Killed a necrophage
  4664 | D:4      | Reached XP level 7. HP: 49/52 MP: 4/11
  5020 | D:5      | Entered Level 5 of the Dungeon
  5023 | D:5      | Identified the +9 battleaxe of the Lusting Tiger {flame,
                  | Contam rElec rC+++ Dex-5}
  5264 | D:5      | Reached * piety under Okawaru
  5273 | D:5      | Found a sand-covered staircase.
  5285 | Ossuary  | Entered an ossuary
  5380 | Ossuary  | Noticed Menkaure
  5394 | Ossuary  | Killed Menkaure
  5410 | Ossuary  | Reached XP level 8. HP: 37/60 MP: 2/12
  5816 | Ossuary  | Reached ** piety under Okawaru
  6205 | D:5      | Reached skill level 5 in Fighting
  6217 | D:5      | Reached skill level 5 in Dodging
  6285 | D:5      | Found a large runed translucent door.
  6286 | D:5      | Found a large runed translucent door.
  6781 | D:5      | Reached skill level 5 in Unarmed Combat
  6781 | D:5      | Reached skill level 1 in Invocations
  7002 | D:5      | Found a radiant altar of Vehumet.
  7051 | D:5      | Found a shadowy altar of Dithmenos.
  7067 | D:5      | Reached XP level 9. HP: 69/69 MP: 4/13
  7396 | D:6      | Found a snail-covered altar of Cheibriados.
  7407 | D:6      | Found a glowing drain.
  7414 | Sewer    | Entered a sewer
  7820 | Sewer    | Reached *** piety under Okawaru
  7904 | D:6      | Noticed a boulder beetle
  8319 | D:6      | Noticed Duvessa
  8319 | D:6      | Noticed Dowan
  8334 | D:6      | Killed Duvessa
  8338 | D:6      | Killed Dowan
  8870 | D:6      | Identified a scroll of acquirement
  8870 | D:6      | Acquired the +2 pair of boots "Diutut" {+Blink rPois rN+}
  8877 | D:6      | Killed a boulder beetle
  8878 | D:6      | Reached XP level 10. HP: 31/80 MP: 4/14
  9095 | D:6      | Found a hide-covered altar of Uskayaw.
  9095 | D:6      | Found an ancient bone altar of Kikubaaqudgha.
  9412 | D:7      | Found a burning altar of Makhleb.
  9422 | D:7      | Found a staircase to the Ecumenical Temple.
  9548 | D:7      | Found Upah Xocui's Magic Scroll Emporium.
  9557 | D:7      | Bought a scroll of fear for 35 gold pieces
  9992 | D:8      | Reached **** piety under Okawaru
 10043 | D:8      | Found a staircase to the Lair.
 10380 | D:8      | Noticed Maggie
 10398 | D:8      | Killed Maggie
 10399 | D:8      | Reached skill level 10 in Dodging
 10481 | D:8      | Noticed Joseph
 10495 | D:8      | Killed Joseph
 10495 | D:8      | Reached ***** piety under Okawaru
 10643 | D:8      | Noticed Grum
 10721 | D:8      | Found a hazy altar of Hepliaklqana.
 10721 | D:8      | Noticed a gargoyle
 10722 | D:8      | Found a faded altar of an unknown god.
 10778 | D:9      | Received a gift from Okawaru
 10905 | D:9      | Acquired a book of Sloth
 11054 | D:9      | Reached skill level 1 in Earth Magic
 11062 | D:9      | Noticed Pikel
 11079 | D:9      | Killed Pikel
 11079 | D:9      | Received a gift from Okawaru
 11080 | D:9      | Reached XP level 11. HP: 84/89 MP: 6/15
 11158 | D:9      | Noticed a two-headed ogre
 11171 | D:9      | Killed a two-headed ogre
 11172 | D:9      | Reached skill level 5 in Transmutations
 11172 | D:9      | Reached skill level 1 in Evocations
 11251 | D:9      | Found a staircase to the Orcish Mines.
 11695 | D:9      | Found a bloodstained altar of Trog.
 11696 | D:9      | Noticed a wizard
 11702 | D:9      | Killed a wizard
 11919 | D:9      | Learned a level 6 spell: Statue Form
 11959 | D:10     | Entered Level 10 of the Dungeon
 11960 | D:10     | Identified the +1 robe "Orav" {*Corrode Int+8}
 12062 | D:10     | Noticed a two-headed ogre
 12075 | D:10     | Killed a two-headed ogre
 12315 | D:10     | Found a blossoming altar of Fedhas.
 12318 | D:10     | Found a stormy altar of Qazlal.
 12501 | D:10     | Noticed Nergalle
 12510 | D:10     | Killed Nergalle
 13865 | D:11     | Received a gift from Okawaru
 14081 | D:11     | Noticed a skeletal warrior
 14102 | D:11     | Killed a skeletal warrior
 14193 | D:11     | Noticed a skeletal warrior
 14314 | D:11     | Killed a skeletal warrior
 14395 | Lair:1   | Entered Level 1 of the Lair of Beasts
 14425 | Lair:1   | Reached skill level 5 in Earth Magic
 14583 | Lair:1   | Reached XP level 12. HP: 95/95 MP: 6/16
 15236 | Lair:1   | Found a runed translucent door.
 15239 | Lair:1   | Noticed avis's ghost (journeyman DDNe)
 15440 | Lair:1   | Identified the +6 trident "Zomecsa" {vorpal, rElec rF+
                  | Dex+3}
 15565 | Lair:2   | Reached skill level 10 in Transmutations
 15676 | Lair:2   | Identified the +1 lajatang of Free Expression {antimagic,
                  | Fly} (Okawaru gifted it to you on level 2 of the Lair of
                  | Beasts)
 15676 | Lair:2   | Received a gift from Okawaru
 16340 | Lair:2   | Noticed an eight-headed hydra
 16347 | Lair:2   | Killed an eight-headed hydra
 17219 | Lair:3   | Reached XP level 13. HP: 80/101 MP: 11/17
 17406 | Lair:3   | Identified the +4 ring mail of Lies {SInv} (Okawaru gifted
                  | it to you on level 3 of the Lair of Beasts)
 17406 | Lair:3   | Received a gift from Okawaru
 17481 | Lair:3   | Noticed Gastronok
 17534 | Lair:3   | Killed Gastronok
 17535 | Lair:3   | Reached skill level 15 in Transmutations
 18646 | Lair:4   | Found a runed translucent door.
 18646 | Lair:4   | Found a shimmering altar of Xom.
 18646 | Lair:4   | Noticed Ithra's ghost (journeyman OgTm)
 18646 | Lair:4   | Identified the +5 lajatang of Fundamental Breach {chaos,
                  | Dex+6}
 18650 | Lair:4   | Reached skill level 5 in Invocations
 18713 | Lair:4   | Reached ****** piety under Okawaru
 18751 | Lair:4   | Reached skill level 10 in Fighting
 19044 | Lair:4   | Found a staircase to the Shoals.
 19233 | Lair:4   | Reached skill level 10 in Unarmed Combat
 19569 | Lair:4   | Found a hole to the Spider Nest.
 19922 | Lair:5   | Noticed Rupert
 19992 | Lair:5   | Reached XP level 14. HP: 111/111 MP: 11/20
 20163 | Lair:5   | Identified the +0 pair of boots of the Arcane {Rampage rC+}
                  | (Okawaru gifted it to you on level 5 of the Lair of Beasts)
 20163 | Lair:5   | Received a gift from Okawaru
 20666 | Lair:6   | Entered Level 6 of the Lair of Beasts
 20683 | Lair:6   | Reached skill level 5 in Evocations
 21088 | Lair:6   | Found a staircase to the Slime Pits.
 21420 | Lair:6   | Received a gift from Okawaru
 21555 | Lair:6   | Identified the +0 hat of Zepra {*Corrode +Inv Str+4}
                  | (Okawaru gifted it to you on level 6 of the Lair of Beasts)
 21555 | Lair:6   | Received a gift from Okawaru
 22195 | D:8      | Killed Grum
 22426 | D:11     | Found Hoer's Assorted Antiques.
 22433 | D:11     | Bought a wand of mindburst (5) for 128 gold pieces
 22623 | D:12     | Found a gate leading to a gauntlet.
 22632 | Gauntlet | Entered a Gauntlet
 22632 | Gauntlet | Found a transporter.
 22653 | Gauntlet | Found a runed translucent door.
 22655 | Gauntlet | Found a transporter.
 22656 | Gauntlet | Found a transporter.
 22657 | Gauntlet | Found a transporter.
 22660 | Gauntlet | Found a transporter.
 22661 | Gauntlet | Found a transporter.
 22667 | Gauntlet | Found a runed translucent gate.
 22667 | Gauntlet | Found a runed translucent gate.
 22667 | Gauntlet | Found a runed translucent gate.
 22669 | Gauntlet | Found a transporter.
 22670 | Gauntlet | Found a transporter.
 22690 | Gauntlet | Found a transporter.
 22707 | Gauntlet | Found a transporter.
 22711 | Gauntlet | Found a transporter.
 22719 | Gauntlet | Found a transporter.
 22764 | Gauntlet | Found a runed translucent door.
 22852 | Gauntlet | Identified the +0 helmet "Ahueb" {Int+7}
 22936 | Gauntlet | Identified the +4 swamp dragon scales of Proximity {rPois
                  | Will- rCorr SInv Stlth-}
 22951 | Gauntlet | Reached XP level 15. HP: 90/120 MP: 15/21
 23018 | D:12     | Reached skill level 10 in Evocations
 23568 | D:13     | Received a gift from Okawaru
 24021 | D:13     | Identified the +1 robe of Reason {+Inv} (Okawaru gifted it
                  | to you on level 13 of the Dungeon)
 24021 | D:13     | Received a gift from Okawaru
 24353 | D:13     | Found a gate to the Vaults.
 24449 | D:13     | Acquired the amulet of Hemesih {Reflect rC++ Will++ Int-4
                  | SH+5}
 24638 | D:13     | Identified the +1 chain mail of Untruth {Str+6}
 24776 | D:13     | Noticed Snorg
 24785 | D:13     | Killed Snorg
 24948 | D:13     | Reached skill level 15 in Evocations
 25047 | D:13     | Reached XP level 16. HP: 132/132 MP: 16/22
 26358 | D:15     | Entered Level 15 of the Dungeon
 26502 | D:15     | Found a staircase to the Depths.
 26709 | D:15     | Received a gift from Okawaru
 26719 | D:15     | Reached skill level 1 in Shields
 26850 | D:15     | Noticed Nessos
 26865 | D:15     | Killed Nessos
 27396 | Orc:1    | Entered Level 1 of the Orcish Mines
 27542 | Orc:1    | You fall into a shaft and drop 1 floor!
 27542 | Orc:2    | Entered Level 2 of the Orcish Mines
 28234 | Orc:2    | Found a staircase to the Elven Halls.
 28275 | Orc:2    | Found Sieb Edgh's Weapon Shop.
 28309 | Orc:2    | Received a gift from Okawaru
 28343 | Orc:2    | Found Moda's General Store.
 28498 | Orc:2    | Found Idoem's General Store.
 28499 | Orc:2    | Found Hoopidog's Book Boutique.
 28507 | Orc:2    | Bought a potion of mutation for 104 gold pieces
 28711 | Orc:1    | Noticed Erica
 28724 | Orc:1    | Killed Erica
 28725 | Orc:1    | Reached skill level 15 in Fighting
 28989 | Orc:1    | Found a runed translucent gate.
 28992 | Orc:1    | Found a runed translucent gate.
 28993 | Orc:1    | Found a runed translucent gate.
 29070 | Orc:1    | Found Dicheohi's Armour Shoppe.
 29139 | Orc:1    | Noticed Piss's ghost (journeyman DrEE)
 29311 | Orc:1    | Found an iron altar of Okawaru.
 29708 | Elf:1    | Entered Level 1 of the Elven Halls
 29881 | Elf:1    | Received a gift from Okawaru
 30227 | Elf:1    | Found a runed translucent door.
 30228 | Elf:1    | Noticed flotson's ghost (journeyman DsGl)
 30520 | Elf:1    | Noticed Aizul
 30538 | Elf:1    | Killed Aizul
 30687 | Elf:1    | Reached XP level 17. HP: 87/139 MP: 16/23
 31476 | Elf:1    | Killed flotson's ghost
 31880 | Elf:2    | Received a gift from Okawaru
 32232 | Elf:2    | Reached skill level 15 in Dodging
 32775 | Elf:2    | Found a runed translucent gate.
 32776 | Elf:2    | Found a runed translucent gate.
 32776 | Elf:2    | Found a runed translucent gate.
 33091 | Shoals:1 | Entered Level 1 of the Shoals
 33518 | Shoals:1 | Received a gift from Okawaru
 33560 | Shoals:1 | Noticed Roxanne
 34327 | Shoals:1 | Noticed a kraken
 34349 | Shoals:1 | Killed a kraken
 34478 | Shoals:2 | Noticed Ilsuiw
 34478 | Shoals:2 | You fall into a shaft and drop 1 floor!
 34704 | Shoals:2 | Noticed Nikola
 34725 | Shoals:2 | Killed Nikola
 35171 | Shoals:2 | Killed Ilsuiw
 35181 | Shoals:2 | Identified the +2 pair of boots of Lucidity {Will++ MP+9
                  | Slay-2 Stlth+} (Okawaru gifted it to you on level 2 of the
                  | Shoals)
 35181 | Shoals:2 | Received a gift from Okawaru
 35643 | Shoals:2 | Found Byampogu's Mass Market.
 36267 | Shoals:3 | Reached XP level 18. HP: 149/149 MP: 18/24
 36275 | Shoals:3 | Noticed Kirke
 36288 | Shoals:3 | Killed Kirke
 36754 | Shoals:4 | Entered Level 4 of the Shoals
 36754 | Shoals:4 | Found Ysimyup's Assorted Antiques.
 36770 | Shoals:4 | Reached skill level 1 in Translocations
 36851 | Shoals:4 | Found Morghumib's Antique Armour Emporium.
 37217 | Shoals:3 | Learned a level 3 spell: Lesser Beckoning
 37507 | Shoals:4 | Found Vaonam Kio's Distillery.
 38268 | Shoals:4 | Received a gift from Okawaru
 38269 | Shoals:4 | Reached skill level 15 in Unarmed Combat
 38771 | Shoals:4 | Bought a potion of heal wounds for 65 gold pieces
 38771 | Shoals:4 | Bought a potion of might for 52 gold pieces
 38771 | Shoals:4 | Bought a potion of cancellation for 104 gold pieces
 38771 | Shoals:4 | Bought a potion of curing for 39 gold pieces
 38771 | Shoals:4 | Bought a potion of attraction for 39 gold pieces
 38792 | Shoals:4 | Got a barnacled rune of Zot
 38975 | Shoals:4 | Found Keiton's Jewellery Shoppe.
 39110 | Shoals:4 | Found Xuiress's Antique Armour Emporium.
 39611 | Shoals:4 | Bought the ring "Moapimis" {rF+ Will+ rCorr} for 561 gold
                  | pieces
 39624 | Shoals:4 | Learned a level 7 spell: Dragon Form
 39625 | Shoals:4 | Bought the ring of the King {rElec rPois rCorr MP+9 Slay+4}
                  | for 1484 gold pieces
 39810 | Spider:1 | Entered Level 1 of the Spider Nest
 40170 | Spider:1 | Reached skill level 5 in Spellcasting
 40430 | Spider:1 | Noticed Agnes
 40442 | Spider:1 | Killed Agnes
 40459 | Spider:1 | Noticed Donald
 40982 | Spider:1 | Reached skill level 5 in Translocations
 41012 | Lair:4   | Learned a level 5 spell: Manifold Assault
 41402 | Spider:1 | Killed Donald
 41535 | Spider:1 | Reached XP level 19. HP: 156/156 MP: 27/27
 42294 | Spider:2 | Received a gift from Okawaru
 42340 | Spider:2 | Found a frozen archway.
 42476 | IceCv    | Entered an ice cave
 43471 | IceCv    | Identified the +2 pair of boots "Payvvatz" {rElec}
 43751 | IceCv    | Identified the +4 demon trident of Descent {freeze, rN+
                  | Will+ Stlth+}
 43866 | Spider:2 | Noticed Asterion
 44135 | Arena    | Entered the Arena
 44138 | Arena    | Killed Asterion
 45364 | Spider:3 | Identified the +8 hand crossbow of Tortfeasance {elec, rF+
                  | rC++} (Okawaru gifted it to you on level 3 of the Spider
                  | Nest)
 45364 | Spider:3 | Received a gift from Okawaru
 46054 | Spider:4 | Entered Level 4 of the Spider Nest
 46376 | Spider:4 | Noticed Mlioglotl
 46723 | Spider:4 | HP: 1/240 [Mlioglotl (28)]
 46723 | Spider:4 | Slain by an Executioner

Illustrated notes

Levels and vault maps discovered:
D:1:      saegor_arrival_simple_a, layout_basic, roderic_three_in_a_row
D:2:      cheibrodos_pilgrimage, layout_loops_ring
D:3:      layout_loops_ring, hellmonk_ecumenical_altar_blasted, serial_shops,
          nicolae_shop_bloodbath_and_beyond, minmay_misc_feat_cross,
          minivault_24, chequers_serial_rivers_large_a, minmay_quadrilaterals
D:4:      layout_loops_cross, mainiacjoe_overflow_boulevard,
          lemuel_crystal_altar, uniq_natasha, uniq_edmund
D:5:      layout_basic, jmf_multi_god_temple2, chequers_ossuary_entry_cave,
          kennysheep_generic_room_16
D:6:      layout_basic, mainiacjoe_overflow_tiny_flanked,
          amethyst_overflow_temple_binary, cheibrodos_sewer_entry_sluice,
          minmay_manual_mail, uniq_duvessa
D:7:      layout_loops_ring, general_overflow_altar,
          minmay_temple_entry_proselytizer, serial_shops, shop
D:8:      layout_cave_pools, beargit_hepliaklqana_dungeon_heroes,
          erik_lair_orcish_takeover, uniq_joseph, uniq_grum, uniq_maggie
D:9:      layout_cave_pools, trog_wizard, erik_orc_1, minmay_misc_feat_doors,
          uniq_pikel
D:10:     layout_basic, grunt_temple_overflow_forces_of_nature, grunt_decor_cap,
          minmay_liquid_box, uniq_nergalle
D:11:     layout_basic, serial_shops, nicolae_shop_overgrown_old_shop
D:12:     layout_rooms, gauntlet_entry_generic, drop_trap,
          minmay_alternating_orb
D:13:     cheibrodos_ideogram_h, layout_gridville,
          hangedman_vaults_entry_quadrant_bands, serial_rivers,
          chequers_serial_rivers_room_b, chequers_serial_rivers_micro_b,
          chequers_serial_rivers_small_a, chequers_serial_rivers_large_b,
          chequers_serial_rivers_marsh, chequers_serial_rivers_room_a,
          minmay_misc_feat_x, lemuel_nasty_fountain, uniq_snorg
D:14:     layout_basic, eino_tiny_chamber
D:15:     grunt_enter_depths_magical_seal, layout_loops_ring, fountainhead,
          uniq_nessos
Lair:1:   layout_regular_city, ebering_ghost_funeral_grove
Lair:2:   layout_small_grid, chequers_serial_rivers_micro_d
Lair:3:   layout_layer_cave, infiniplex_staircase_pool_2, uniq_gastronok
Lair:4:   layout_gridlike, shoals_dummy_entry,
          hellmonk_spider_entry_life_and_decay, ebering_ghost_xom,
          chequers_serial_rivers_room_a, nzn_sisyphean_effort
Lair:5:   layout_roguey, nicolae_quartered_pool_impasse, serial_bayou_shore_a,
          uniq_rupert
Lair:6:   evilmike_catoblepas_cave, layout_gridlike, minmay_slime_entry_pillars,
          minivault_25
Shoals:1: layout_shoals, nicolae_shoals_siren_and_animal_friends, uniq_roxanne
Shoals:2: layout_shoals, minmay_shop_mass, nicolae_shoals_seven_spires,
          nicolae_shoals_circle_sea_wall, yaktaur_hedge, uniq_ilsuiw,
          uniq_nikola
Shoals:3: layout_shoals, uniq_kirke
Shoals:4: shoals_end_grunt_garden, layout_shoals, serial_shops,
          nicolae_shop_temple_entry_statues_fountains,
          nicolae_shop_competitors_out_of_business, nicolae_diamond_shop, shop,
          shop
Spider:1: spider_temple_joshua, uniq_donald, uniq_agnes
Spider:2: layout_spider_delve, portal_ice_cave_entry_ice_simulacra,
          uniq_asterion
Spider:3: layout_spider_delve
Spider:4: floodkiller_spider_rune_tomb, uniq_mlioglotl
Orc:1:    layout_caves, gammafunk_ghost_fury_of_okawaru, serial_shops,
          shop_statue, uniq_erica
Orc:2:    st_orc_open, layout_diamond_mine, basic_altar
Elf:1:    layout_geoelf_diagonals, ebering_ghost_reflecting_pool, minivault_28,
          grunt_megastairs_4, uniq_aizul
Elf:2:    nicolae_elf_blades_crystal_corner, layout_rooms, st_stairs_9

Skill      XL: |  1  2  3  4  5  6  7  8  9 10 11 12 13 14 15 16 17 18 19 |
---------------+----------------------------------------------------------+-----
Ice Magic      | 5 6 |  6.4
Spellcasting   | 3 4 5 |  5.7
Fighting       | 2 3 4 5 7 9 10 12 13 15 17 | 17.9
Transmutations | 1 2 3 4 9 13 15 16 | 16.6
Unarmed Combat | 1 2 3 5 7 9 10 11 12 14 15 | 15.1
Poison Magic   | 1 2 |  2.9
Dodging        | 3 6 8 10 11 13 14 16 17 | 17.7
Invocations    | 2 3 4 6 7 |  7.6
Earth Magic    | 1 5 7 8 |  8.0
Evocations     | 4 9 15 16 | 16.6
Shields        | 4 |  4.3
Translocations | 5 9 |  9.0
Stealth        | |  2.1

Action                   |  1- 3 |  4- 6 |  7- 9 | 10-12 | 13-15 | 16-18 | 19-21 || total
-------------------------+-------+-------+-------+-------+-------+-------+-------++-------
Melee: Unarmed           |   124 |   157 |   501 |   602 |   805 |  1388 |   456 ||  4033
       Punch             |     2 |     1 |     9 |    16 |    75 |    41 |    27 ||   171
       Tailslap          |       |       |     4 |    11 |     3 |    38 |    37 ||    93
       Bite              |       |       |       |       |       |     1 |    22 ||    23
 Cast: Freeze            |    67 |       |       |       |       |       |       ||    67
       Frozen Ramparts   |     3 |    12 |    26 |    47 |    24 |     3 |       ||   115
       Ozocubu's Armour  |       |     6 |    19 |    36 |     5 |       |       ||    66
       Spider Form       |       |     3 |    36 |    37 |     5 |       |       ||    81
       Statue Form       |       |       |       |       |    57 |    94 |    12 ||   163
       Lesser Beckoning  |       |       |       |       |       |    22 |     4 ||    26
       Dragon Form       |       |       |       |       |       |     3 |    18 ||    21
       Manifold Assault  |       |       |       |       |       |       |     2 ||     2
Invok: Heroism           |       |       |     2 |     9 |     9 |    14 |     2 ||    36
       Finesse           |       |       |       |     3 |     1 |     4 |     1 ||     9
       Duel              |       |       |       |       |       |       |     1 ||     1
 Abil: End Transformatio |       |       |     1 |     2 |     5 |     4 |     3 ||    15
       Evoke Invisibilit |       |       |       |       |     2 |     7 |     1 ||    10
       Evoke Blink       |       |       |       |       |     1 |     1 |       ||     2
       Breathe Fire      |       |       |       |       |       |     1 |       ||     1
Evoke: Wand              |       |       |     2 |     7 |     9 |    28 |     6 ||    52
       Phial of floods   |       |       |       |       |     1 |     2 |       ||     3
       Tin of tremorston |       |       |       |       |       |     6 |       ||     6
  Use: Scroll            |     4 |     1 |    10 |     1 |    15 |     9 |     1 ||    41
       Potion            |       |     1 |     1 |       |     3 |     3 |     2 ||    10
 Stab: Sleeping          |       |       |     7 |     1 |     1 |     1 |     1 ||    11
       Invisible         |       |       |       |       |     4 |    21 |     5 ||    30
       Petrified         |       |       |       |       |     1 |       |       ||     1
       Paralysed         |       |       |       |       |       |     5 |       ||     5
       Distracted        |       |       |       |       |       |       |     2 ||     2
Armor: Robe              |    57 |    51 |    28 |    58 |    39 |    13 |     3 ||   249
       Skin              |       |     7 |    17 |     7 |   382 |   598 |   273 ||  1284
       Steam dragon scal |       |       |       |    28 |       |       |       ||    28
Dodge: Dodged            |   149 |   105 |   358 |   691 |  1262 |  1841 |   608 ||  5014
Block: Other             |       |       |       |       |    37 |   119 |    54 ||   210
       Reflection        |       |       |       |       |     2 |    75 |     4 ||    81
       Buckler           |       |       |       |       |       |   748 |   263 ||  1011

Table legend: (Time is in decaauts)
 A = Elapsed time spent in this place.
 B = Non-inter-level travel time spent in this place.
 C = Inter-level travel time spent in this place.
 D = Time resting spent in this place.
 E = Time spent auto-exploring this place.
 F = Levels seen in this place.
 G = Mean time per level.
                   A        B        C        D        E       F      G
               +--------+--------+--------+--------+--------+-----+--------+
         Total |  49248 |  47094 |   2154 |   6376 |  30541 |  38 | 1296.0 |
       Dungeon |  19135 |  17976 |   1159 |    454 |  13650 |  15 | 1275.7 |
          Lair |   8891 |   8378 |    513 |    921 |   5885 |   6 | 1481.8 |
        Shoals |   6866 |   6712 |    154 |   1985 |   3308 |   4 | 1716.5 |
   Spider Nest |   5346 |   5259 |     87 |   1424 |   2711 |   4 | 1336.5 |
  Orcish Mines |   2255 |   2111 |    144 |    437 |   1260 |   2 | 1127.5 |
   Elven Halls |   3670 |   3575 |     95 |    520 |   2383 |   2 | 1835.0 |
         Sewer |    450 |    450 |      0 |      0 |    298 |   1 |  450.0 |
       Ossuary |    824 |    824 |      0 |     64 |    384 |   1 |  824.0 |
      Ice Cave |   1393 |   1393 |      0 |    526 |    508 |   1 | 1393.0 |
      Gauntlet |    393 |    393 |      0 |     31 |    152 |   1 |  393.0 |
         Arena |     21 |     21 |      0 |     13 |      0 |   1 |   21.0 |
               +--------+--------+--------+--------+--------+-----+--------+

Top non-repeatable levels by time:
   Elf:1: 2587 daAuts
Spider:1: 2407 daAuts
    D:13: 2299 daAuts
Shoals:3: 2292 daAuts
  Lair:4: 2039 daAuts
  Lair:3: 1846 daAuts
Spider:3: 1773 daAuts
Shoals:1: 1752 daAuts
    D:10: 1716 daAuts
     D:4: 1678 daAuts
Shoals:4: 1610 daAuts
     D:6: 1533 daAuts
     D:1: 1489 daAuts
  Lair:2: 1443 daAuts
  Lair:6: 1436 daAuts
